 Dungeon Crawl Stone Soup version 0.30-a0-457-g4b7bca3bfa (webtiles) character file.

Game seed: 15181843142420880009

32 McMuffin the Grasshopper (level 3, 0/27 HPs)
             Began as a Demonspawn Warper on Dec 12, 2022.
             Was an Initiate of Gozag.
             Succumbed to an adder's poison
             ... on level 2 of the Dungeon.
             The game lasted 00:05:37 (1294 turns).

McMuffin the Grasshopper (Demonspawn Warper)        Turns: 1294, Time: 00:05:38

Health: 0/27       AC:  5    Str: 11    XL:     3   Next: 10%
Magic:  3/6        EV: 12    Int: 14    God:    Gozag
Gold:   95         SH:  0    Dex: 14    Spells: 4/6 levels left

rFire   + . .      SeeInvis .    a - +0 falchion
rCold   x . .      Faith    .    (no shield)
rNeg    . . .      Spirit   .    b - +0 leather armour
rPois   .          Reflect  .    d - +0 helmet
rElec   .          Harm     .    (no cloak)
rCorr   .          Rampage  .    (no gloves)
Will    .....                    r - +0 pair of boots
Stlth   +.........               (no amulet)
HPRegen 0.24/turn                h - ring of fire
MPRegen 0.20/turn                (no ring)

@: lethally poisoned (0 -> -3), very slightly contaminated, invisible
A: claws 1, magic regeneration
a: Renounce Religion, Potion Petition, Call Merchant, Bribe Branch


You were on level 2 of the Dungeon.
You worshipped Gozag.
Gozag was noncommittal.
You visited 1 branch of the dungeon, and saw 2 of its levels.

You collected 95 gold pieces.

Inventory:

Hand Weapons
 a - a +0 falchion (weapon)
 f - a +0 dagger
Armour
 b - a +0 leather armour (worn)
 d - a +0 helmet (worn)
 r - a +0 pair of boots (worn)
Jewellery
 h - a ring of fire (left claw)
Scrolls
 c - a scroll of blinking
 j - a scroll of poison {unknown}
 k - a scroll of fog {unknown}
 m - a scroll of identify {unknown}
 n - a scroll of fear {unknown}
 p - a scroll of brand weapon {unknown}
Potions
 e - 2 potions of invisibility
 g - a potion of mutation {unknown}
 i - a potion of degeneration {unknown}
 l - a potion of brilliance {unknown}
 o - a potion of haste {unknown}
 q - a potion of heal wounds {unknown}


   Skills:
 + Level 2.1 Fighting
 + Level 2.1 Long Blades
 + Level 0.9 Throwing
 + Level 1.3 Armour
 + Level 2.0 Dodging
 + Level 2.2 Spellcasting
 + Level 3.0 Translocations


You had 4 spell levels left.
You knew the following spells:

 Your Spells              Type           Power      Damage    Failure   Level
a - Blink                 Tloc           20%        N/A       13%         2

Your spell library contained the following spells:

 Spells                   Type           Power      Damage    Failure   Level
 Lesser Beckoning         Tloc           20%        N/A       26%         3
 Teleport Other           Tloc           10%        N/A       26%         3
 Vhi's Electric Charge    Tloc/Air       10%        N/A       43%         3
 Manifold Assault         Tloc           10%        N/A       65%         4


Dungeon Overview and Level Annotations

Branches:
Dungeon (2/15)

Altars:
Gozag


Innate Abilities, Weirdness & Mutations

You have sharp fingernails.
You regenerate magic rapidly.


Message History

The adder bites you but does no damage. The adder closely misses you.
You closely miss the adder.
The adder is moderately wounded.
The adder barely misses you. The adder closely misses you.
You closely miss the adder.
The adder is moderately wounded.
The adder closely misses you.
Casting: Blink (safe; 13% risk of failure)
Press: ? - help, Q - select action, (/) - cycle Dir - look around, f - activate You blink.
You barely miss the adder.
The adder is moderately wounded.
The adder closely misses you. The adder barely misses you.
You hit the adder.
The adder is severely wounded.
The adder bites you.
* * * LOW HITPOINT WARNING * * *
The adder closely misses you.
You completely miss the adder.
The adder is heavily wounded.
The adder bites you.
* * * LOW HITPOINT WARNING * * *
You are lethally poisoned!
The adder poisons you!
It was a potion of invisibility.
You fade into invisibility!
You feel stable enough to blink again.
* * * LOW HITPOINT WARNING * * *
You feel sick. The adder bites you but does no damage.
Casting: Blink (safe; 13% risk of failure)
Press: ? - help, Q - select action, (/) - cycle Dir - look around, f - activate You miscast Blink.
You are very lightly contaminated with residual magic.
Nothing appears to happen.
* * * LOW HITPOINT WARNING * * *
You feel sick. The adder bites you but does no damage.
The adder closely misses you.
You barely miss the adder.
The adder is heavily wounded.
You die...
Your body crumbles into a pile of gold.

#B..##...#.# #.....##<#
#.......##.## ######...#
##..........# ##.###
#......####.########..# #
#......####.....##...## #
##..S.....######.#..### #
#...$.###.######...## #
..........##..$........# #
####...?...#...@S########.###
# ......##.........## #...# #
r..### #..#.###### ###.# .#
##.....# #.# # ..[...#.# #.#
###.##..###.# #.# ...... #.#
...# $ #.# .### #.#


You could see an adder (unable to see you).

Vanquished Creatures
  2 endoplasms (D:1)
  2 giant cockroaches
  3 goblins
  5 hobgoblins
  2 kobolds (D:1)
  8 ball pythons
  4 frilled lizards
  4 rats
30 creatures vanquished.

Notes
Turn   | Place    | Note
-------+----------+-------------------------------------------
     0 | D:1      | McMuffin the Demonspawn Warper began the quest for the Orb.
     0 | D:1      | Reached XP level 1. HP: 16/16 MP: 3/3
   269 | D:1      | Reached skill level 3 in Translocations
   338 | D:1      | Gained mutation: You regenerate magic rapidly. [demonic
                  | ancestry]
   338 | D:1      | Reached XP level 2. HP: 20/22 MP: 5/5
   346 | D:1      | Learned a level 2 spell: Blink
   398 | D:1      | Reached skill level 1 in Armour
   469 | D:1      | You fall into a shaft and drop 1 floor!
   605 | D:1      | Found a faded altar of an unknown god.
  1000 | D:1      | Prayed at the altar of an unknown god.
  1000 | D:1      | Became a worshipper of Gozag Ym Sagoz the Greedy
  1174 | D:2      | Gained mutation: You have sharp fingernails. [demonic
                  | ancestry]
  1174 | D:2      | Reached XP level 3. HP: 26/27 MP: 4/6
  1293 | D:2      | HP: 1/27 [poisoned by an adder]
  1294 | D:2      | Succumbed to an adder's poison

Illustrated notes

Levels and vault maps discovered:
D:1:      saegor_arrival_simple_e, layout_basic, ebering_ecumenical_altar_mist,
          minmay_domino_4
D:2:      layout_rooms, basic_altar, kennysheep_generic_room_6

Skill      XL: |  1  2 |
---------------+-------+-----
Translocations | 3 |  3.0
Armour         | 1 |  1.3
Dodging        | 2 |  2.0
Long Blades    | 2 |  2.1
Fighting       | |  2.1
Throwing       | |  0.9
Spellcasting   | |  2.2

Action                   || total
-------------------------++-------
Melee: Falchion          ||   135
       Punch             ||     3
Throw: Boomerang         ||     7
 Cast: Blink             ||    11
  Use: Potion            ||     1
Armor: Leather armour    ||    65
Dodge: Dodged            ||    98

Table legend: (Time is in decaauts)
 A = Elapsed time spent in this place.
 B = Non-inter-level travel time spent in this place.
 C = Inter-level travel time spent in this place.
 D = Time resting spent in this place.
 E = Time spent auto-exploring this place.
 F = Levels seen in this place.
 G = Mean time per level.
                   A        B        C        D        E       F      G
               +--------+--------+--------+--------+--------+-----+--------+
         Total |   1322 |   1271 |     51 |     30 |    715 |   2 |  661.0 |
       Dungeon |   1322 |   1271 |     51 |     30 |    715 |   2 |  661.0 |
               +--------+--------+--------+--------+--------+-----+--------+

Top non-repeatable levels by time:
     D:1: 1035 daAuts
     D:2: 287 daAuts
